 Dungeon Crawl Stone Soup version 0.26-a0-612-gd4d190f45e (webtiles) character file.

Game seed: 7716028206707053032

0 Gargoyl the Skirmisher (level 1, -6/23 HPs)
             Began as a Gnoll Abyssal Knight on Sept 9, 2020.
             Was a Follower of Lugonu.
             Killed by divine providence
             ... invoked by a smoke demon
              (13 damage)
             ... on level 1 of the Abyss.
             The game lasted 00:00:06 (136 turns).

Gargoyl the Skirmisher (Gnoll Abyssal Knight)        Turns: 136, Time: 00:00:06

Health: -6/23      AC:  3    Str: 14      XL:     1   Next: 0%
Magic:  3/3        EV: 12    Int: 14      God:    Lugonu [*.....]
Gold:   0          SH:  0    Dex: 12 (14) Spells: 0/0 levels left

rFire    . . .     SeeInvis .   a - +1 hand axe
rCold    . . .     Faith    .   (no shield)
rNeg     . . .     Spirit   .   b - +0 leather armour
rPois    .         Reflect  .   (no helmet)
rElec    .         Harm     .   (no cloak)
rCorr    .                      (no gloves)
MR       .....                  (no boots)
Stlth    +.........             (no amulet)
HPRegen  0.07/turn              (no ring)
MPRegen  0.08/turn              (no ring)

@: no status effects
A: distributed training, fangs 1, strong nose
a: Depart the Abyss, Renounce Religion


You were on level 1 of the Abyss.
You worshipped Lugonu.
Lugonu was aware of your devotion.
You visited 0 branches of the dungeon, and saw 0 of its levels.
You visited the Abyss 1 time.

Inventory:

Hand Weapons
 a - a +1 hand axe (weapon)
Armour
 b - a +0 leather armour (worn)
Scrolls
 c - a scroll of enchant armour {unknown}


   Skills:
 + Level 6.4 Fighting
 + Level 0.0 Short Blades
 + Level 0.0 Long Blades
 + Level 4.4 Axes
 + Level 0.0 Maces & Flails
 + Level 0.0 Polearms
 + Level 0.0 Staves
 + Level 0.0 Slings
 + Level 0.0 Bows
 + Level 0.0 Crossbows
 + Level 0.0 Throwing
 + Level 4.4 Armour
 + Level 2.3 Dodging
 + Level 0.0 Stealth
 + Level 0.0 Shields
 + Level 0.0 Unarmed Combat
 + Level 0.0 Spellcasting
 + Level 0.0 Conjurations
 + Level 0.0 Hexes
 + Level 0.0 Summonings
 + Level 0.0 Necromancy
 + Level 0.0 Translocations
 + Level 0.0 Transmutations
 + Level 0.0 Fire Magic
 + Level 0.0 Ice Magic
 + Level 0.0 Air Magic
 + Level 0.0 Earth Magic
 + Level 0.0 Poison Magic
 + Level 4.4 Invocations
 + Level 0.0 Evocations


You couldn't memorise any spells.
You didn't know any spells.
Your spell library was empty.

Dungeon Overview and Level Annotations

Branches:
Dungeon (0/15)

Altars:


Innate Abilities, Weirdness & Mutations

Your experience applies equally to all skills.
You have very sharp teeth.
Your uncanny sense of smell can sniff out nearby items.


Message History

You feel clumsy. The quasit completely misses you. The quasit claws you.
The quasit misses you. The quasit claws you.
The quasit claws you but does no damage.
You barely miss the quasit. You bite the quasit, but do no damage.
The quasit barely misses you. The quasit closely misses you.
The quasit misses you.
You completely miss the quasit. The quasit barely misses you.
The quasit completely misses you.
The quasit claws you but does no damage.
The quasit bites you.
You feel clumsy.
The quasit claws you but does no damage. x2
Unknown command.
The smoke demon hits you. x2
The smoke demon hits you but does no damage.
The smoke demon gestures at you. Something smites you!
Ouch! That really hurt!
You die...

#.# .#..## ##
..3 .# #
.##.##.# ..
#...#.##.
#........
#$#.#.# #
...#3#..##
#..☼#.###.@..#
##
###.5####..#
##.#.# ..#
#...# . #....#
#.###.#..# #
##...###.# .
#...###.####
.. #..#.#. .#
≈≈


You could see a smoke demon and a quasit.

Vanquished Creatures (others)
  A lurking horror (Abyss:1)
1 creature vanquished.

Notes
Turn   | Place    | Note
-------+----------+-------------------------------------------
     0 | Abyss:1  | Gargoyl the Gnoll Abyssal Knight began the quest for the
                  | Orb.
     0 | Abyss:1  | Reached XP level 1. HP: 23/23 MP: 3/3
   128 | Abyss:1  | Noticed a smoke demon
   128 | Abyss:1  | Noticed an efreet
   130 | Abyss:1  | Noticed a quasit
   136 | Abyss:1  | Killed from afar by a smoke demon

Illustrated notes

Levels and vault maps discovered:
Abyss:1

Action                   || total
-------------------------++-------
Melee: Hand axe          ||     3
       Bite              ||     1
Armor: Leather armour    ||     5
Dodge: Dodged            ||     7

Table legend: (Time is in decaauts)
 A = Elapsed time spent in this place.
 B = Non-inter-level travel time spent in this place.
 C = Inter-level travel time spent in this place.
 D = Time resting spent in this place.
 E = Time spent auto-exploring this place.
 F = Levels seen in this place.
 G = Mean time per level.
                   A        B        C        D        E       F      G
               +--------+--------+--------+--------+--------+-----+--------+
         Total |    138 |    138 |      0 |      0 |    128 |   1 |  138.0 |
         Abyss |    138 |    138 |      0 |      0 |    128 |   1 |  138.0 |
               +--------+--------+--------+--------+--------+-----+--------+

Top non-repeatable levels by time:
 Abyss:1: 138 daAuts
